SAA
LITTLE CAESARS HOT N READYS @ PHOENIX HOTSPUR YOUTH
08/08/2024
 
TOP OF THE 1ST
Little Caesars Hot N Readys batting - Pitching for Phoenix Hotspur Youth : RHP Prince Nakamura
Pitching: RHP Prince Nakamura
Batting: LHB César Muńóz 0-0: SINGLE (Line Drive, 89S)
Batting: RHB Spencer Curry 0-0: Ball
1-0: Ball
2-0: Ball
3-0: Base on Balls
César Muńóz to second
Batting: LHB Andrés Chávez 0-0: DOUBLE (Line Drive, 89D)
César Muńóz scores
Spencer Curry to third
Batting: RHB Mo Zhou 0-0: Ball
1-0: SINGLE (Groundball, 4D)
Spencer Curry scores
Andrés Chávez to third
Runner from 3rd tries for Home, SAFE, no throw or cutoff
Batting: SHB Ryan Forrest 0-0: Ball
1-0: Ball
2-0: DOUBLE (Line Drive, 7D)
Mo Zhou to third
Batting: RHB John Thompson 0-0: Fly out, F9 (Line Drive, 89D)
Runner from 3rd tags up, SCORES, no throw
Batting: RHB Mike Thompson 0-0: Ball
1-0: Ball
2-0: 2-RUN HOME RUN (Flyball, 78XD), Distance : 404 ft
Batting: RHB Lorenzo Sabastro 0-0: Ball
1-0: Ball
2-0: Swinging Strike
2-1: Ball
3-1: Ground out 5-3 (Groundball, 6)
Batting: RHB Young-hwan Hyon 0-0: Ball
1-0: SINGLE (Groundball, 56D)
Batting: LHB César Muńóz 0-0: Foul Ball, location: 2F
0-1: Ball
Young-hwan Hyon steals 2nd base
1-1: Ball
2-1: Swinging Strike
2-2: Foul Ball, location: 2F
2-2: Ball
3-2: Strikes out swinging
Top of the 1st over - 6 run(s), 6 hit(s), 0 error(s), 1 left on base; Little Caesars 6 - Phoenix Hotspur 0
BOTTOM OF THE 1ST
Phoenix Hotspur Youth batting - Pitching for Little Caesars Hot N Readys : RHP Curt Arellano
Pitching: RHP Curt Arellano
Batting: RHB Wilson Castillo 0-0: Ball
1-0: Ball
2-0: Ball
3-0: Base on Balls
Batting: RHB Alex Niemann 0-0: Called Strike
0-1: Ball
1-1: Ball
2-1: Fly out, F9 (Popup, 34D)
Batting: LHB Ricardo Peńa 0-0: Called Strike
0-1: Swinging Strike
0-2: Strikes out looking
Wilson Castillo steals 2nd base
Batter strikes out.
Batting: RHB Jim Unknown 0-0: Called Strike
0-1: Ball
1-1: Called Strike
1-2: Strikes out swinging
Bottom of the 1st over - 0 run(s), 0 hit(s), 0 error(s), 1 left on base; Little Caesars 6 - Phoenix Hotspur 0
TOP OF THE 2ND
Little Caesars Hot N Readys batting - Pitching for Phoenix Hotspur Youth : RHP Prince Nakamura
Batting: RHB Spencer Curry 0-0: Ground out 4-3 (Groundball, 4)
Batting: LHB Andrés Chávez 0-0: Swinging Strike
0-1: Fly out, F9 (Flyball, 9D)
Batting: RHB Mo Zhou 0-0: Called Strike
0-1: Foul Ball, location: 2F
0-2: Ground out 4-3 (Groundball, 4)
Top of the 2nd over - 0 run(s), 0 hit(s), 0 error(s), 0 left on base; Little Caesars 6 - Phoenix Hotspur 0
BOTTOM OF THE 2ND
Phoenix Hotspur Youth batting - Pitching for Little Caesars Hot N Readys : RHP Curt Arellano
Batting: RHB Jesús Mejía 0-0: Ground out 5-3 (Groundball, 5L)
Batting: RHB Marc Meertens 0-0: Called Strike
0-1: Ball
1-1: Called Strike
1-2: SINGLE (Line Drive, 7LS)
Batting: RHB Pedro Martínez 0-0: Swinging Strike
0-1: Ball
1-1: SINGLE (Groundball, 5D)
Marc Meertens to second
Batting: RHB Javier González 0-0: Called Strike
Pedro Martínez is caught stealing 2nd base
0-1: Foul Ball, location: 2F
0-2: Foul Ball, location: 2F
0-2: Strikes out looking
Bottom of the 2nd over - 0 run(s), 2 hit(s), 0 error(s), 1 left on base; Little Caesars 6 - Phoenix Hotspur 0
TOP OF THE 3RD
Little Caesars Hot N Readys batting - Pitching for Phoenix Hotspur Youth : RHP Prince Nakamura
Batting: SHB Ryan Forrest 0-0: Ball
1-0: Called Strike
1-1: Foul Ball, location: 2F
1-2: Ball
2-2: Ball
3-2: SINGLE (Groundball, 13) (infield hit)
Batting: RHB John Thompson 0-0: Swinging Strike
0-1: Swinging Strike
0-2: Ball
1-2: Strikes out swinging
Batting: RHB Mike Thompson 0-0: Called Strike
0-1: Ball
1-1: Ball
2-1: Foul Ball, location: 2F
2-2: Strikes out swinging
Batting: RHB Lorenzo Sabastro 0-0: Swinging Strike
0-1: Foul Ball, location: 2F
0-2: Strikes out swinging
Top of the 3rd over - 0 run(s), 1 hit(s), 0 error(s), 1 left on base; Little Caesars 6 - Phoenix Hotspur 0
BOTTOM OF THE 3RD
Phoenix Hotspur Youth batting - Pitching for Little Caesars Hot N Readys : RHP Curt Arellano
Batting: LHB Richard Alpert 0-0: Called Strike
0-1: Ball
1-1: Called Strike
1-2: Ground out 1-3 (Groundball, 15)
Batting: RHB Wilson Castillo 0-0: Called Strike
0-1: Ball
1-1: Reached on error, E5 (Groundball, 56)
Batting: RHB Alex Niemann 0-0: Called Strike
0-1: Swinging Strike
0-2: Ball
1-2: Foul Ball, location: 2F
1-2: SINGLE (Line Drive, 34D)
Wilson Castillo to third
Runner from 3rd tries for Home, throw and OUT!
Alex Niemann to second
Batting: LHB Ricardo Peńa 0-0: Ball
1-0: Called Strike
1-1: SINGLE (Flyball, 8LS)
Alex Niemann to third
Runner from 3rd tries for Home, SAFE, no throw or cutoff
Batting: RHB Jim Unknown 0-0: Called Strike
0-1: Ball
Ricardo Peńa steals 2nd base
1-1: Ball
2-1: Ground out 1-3 (Groundball, 13)
Bottom of the 3rd over - 1 run(s), 2 hit(s), 1 error(s), 1 left on base; Little Caesars 6 - Phoenix Hotspur 1
TOP OF THE 4TH
Little Caesars Hot N Readys batting - Pitching for Phoenix Hotspur Youth : RHP Prince Nakamura
Pitching: LHP Juan Alou
Batting: RHB Young-hwan Hyon 0-0: Foul Ball, location: 2F
0-1: SINGLE (Groundball, 4M)
Batting: LHB César Muńóz 0-0: Ball
1-0: Fielders Choice at 2nd, 3-6 (Groundball, 3)
Batting: RHB Spencer Curry 0-0: Called Strike
0-1: SINGLE (Line Drive, 78S)
César Muńóz to second
Batting: LHB Andrés Chávez 0-0: Ball
1-0: Swinging Strike
1-1: Swinging Strike
1-2: Foul Ball, location: 2F
1-2: Foul Ball, location: 2F
1-2: Foul Ball, location: 2F
1-2: Foul Ball, location: 2F
1-2: Strikes out looking
Batting: RHB Mo Zhou 0-0: 3-RUN HOME RUN (Line Drive, 7D), Distance : 396 ft
Batting: SHB Ryan Forrest 0-0: Ball
1-0: DOUBLE (Groundball, 3L)
Batting: RHB John Thompson 0-0: Called Strike
0-1: Ball
1-1: Foul Ball, location: 2F
1-2: Strikes out swinging
Top of the 4th over - 3 run(s), 4 hit(s), 0 error(s), 1 left on base; Little Caesars 9 - Phoenix Hotspur 1
BOTTOM OF THE 4TH
Phoenix Hotspur Youth batting - Pitching for Little Caesars Hot N Readys : RHP Curt Arellano
Batting: RHB Jesús Mejía 0-0: Foul Ball, location: 2F
0-1: Ball
1-1: Ball
2-1: Ball
3-1: Foul Ball, location: 2F
3-2: Fly out, F8 (Flyball, 8LS)
Batting: RHB Marc Meertens 0-0: Called Strike
0-1: Ball
1-1: Foul Ball, location: 2F
1-2: Ball
2-2: Strikes out swinging
Batting: RHB Pedro Martínez 0-0: Ball
1-0: Ball
2-0: Foul Ball, location: 2F
2-1: Fly out, F8 (Flyball, 8LM)
Bottom of the 4th over - 0 run(s), 0 hit(s), 0 error(s), 0 left on base; Little Caesars 9 - Phoenix Hotspur 1
TOP OF THE 5TH
Little Caesars Hot N Readys batting - Pitching for Phoenix Hotspur Youth : LHP Juan Alou
Batting: RHB Mike Thompson 0-0: Called Strike
0-1: Ball
1-1: Ball
2-1: Foul Ball, location: 2F
2-2: Foul Ball, location: 2F
2-2: SINGLE (Line Drive, 9S)
Batting: RHB Lorenzo Sabastro 0-0: Sac Bunt - play at first, batter OUT! 1-3
Mike Thompson to second
Batting: RHB Young-hwan Hyon 0-0: SINGLE (Flyball, 8RS)
Mike Thompson to third
Batting: LHB César Muńóz 0-0: Foul Ball, location: 2F
0-1: Foul Ball, location: 2F
0-2: Fly out, F3 (Popup, 3F)
Batting: RHB Spencer Curry 0-0: Ball
1-0: SINGLE (Groundball, 5L)
Mike Thompson scores
Young-hwan Hyon to second
Pitching: LHP Iván Vélez
Batting: LHB Andrés Chávez 0-0: SINGLE (Line Drive, 89M)
Young-hwan Hyon to third
Spencer Curry to second
Runner from 3rd tries for Home, SAFE, no throw or cutoff
Batting: RHB Mo Zhou 0-0: Fly out, F7 (Line Drive, 7M)
Top of the 5th over - 2 run(s), 4 hit(s), 0 error(s), 2 left on base; Little Caesars 11 - Phoenix Hotspur 1
BOTTOM OF THE 5TH
Phoenix Hotspur Youth batting - Pitching for Little Caesars Hot N Readys : RHP Curt Arellano
Batting: RHB Javier González 0-0: Swinging Strike
0-1: Foul Ball, location: 2F
0-2: Ball
1-2: Ball
2-2: Ball
3-2: Fly out, F7 (Flyball, 7LM)
Batting: LHB Richard Alpert 0-0: Fly out, F7 (Flyball, 7M)
Batting: RHB Wilson Castillo 0-0: Fly out, F9 (Flyball, 9M)
Bottom of the 5th over - 0 run(s), 0 hit(s), 0 error(s), 0 left on base; Little Caesars 11 - Phoenix Hotspur 1
TOP OF THE 6TH
Little Caesars Hot N Readys batting - Pitching for Phoenix Hotspur Youth : LHP Iván Vélez
Batting: SHB Ryan Forrest 0-0: Ball
1-0: Ball
2-0: Ball
3-0: Base on Balls
Batting: RHB John Thompson 0-0: Called Strike
0-1: Ball
1-1: Foul Ball, location: 2F
1-2: Foul Ball, location: 2F
1-2: Foul Ball, location: 2F
1-2: Ball
2-2: Grounds into double play, 1-6-3 (Groundball, 13S)
Batting: RHB Mike Thompson 0-0: Foul Ball, location: 2F
0-1: SINGLE (Flyball, 8LS)
Batting: RHB Lorenzo Sabastro 0-0: Fly out, F7 (Flyball, 7M)
Top of the 6th over - 0 run(s), 1 hit(s), 0 error(s), 1 left on base; Little Caesars 11 - Phoenix Hotspur 1
BOTTOM OF THE 6TH
Phoenix Hotspur Youth batting - Pitching for Little Caesars Hot N Readys : RHP Curt Arellano
Batting: RHB Alex Niemann 0-0: Ball
1-0: Swinging Strike
1-1: SINGLE (Groundball, 6MD)
Batting: LHB Ricardo Peńa 0-0: Ball
1-0: Fly out, F6 (Popup, 5)
Batting: RHB Jim Unknown 0-0: Ball
1-0: Foul Ball, location: 2F
1-1: Ball
2-1: Ground out 5-3 (Groundball, 5S)
Alex Niemann to second
Batting: RHB Jesús Mejía 0-0: Ball
1-0: Swinging Strike
1-1: Swinging Strike
1-2: Ball
2-2: Strikes out swinging
Bottom of the 6th over - 0 run(s), 1 hit(s), 0 error(s), 1 left on base; Little Caesars 11 - Phoenix Hotspur 1
TOP OF THE 7TH
Little Caesars Hot N Readys batting - Pitching for Phoenix Hotspur Youth : LHP Iván Vélez
Batting: RHB Young-hwan Hyon 0-0: Fly out, F9 (Flyball, 89M)
Batting: LHB César Muńóz 0-0: Ball
1-0: Ball
2-0: Ball
3-0: Called Strike
3-1: Fly out, F8 (Flyball, 8LS)
Batting: RHB Spencer Curry 0-0: Ball
1-0: Swinging Strike
1-1: Called Strike
1-2: Strikes out swinging
Top of the 7th over - 0 run(s), 0 hit(s), 0 error(s), 0 left on base; Little Caesars 11 - Phoenix Hotspur 1
BOTTOM OF THE 7TH
Phoenix Hotspur Youth batting - Pitching for Little Caesars Hot N Readys : RHP Curt Arellano
Batting: RHB Marc Meertens 0-0: Called Strike
0-1: Foul Ball, location: 2F
0-2: Ball
1-2: Ball
2-2: Ball
3-2: Foul Ball, location: 2F
3-2: Foul Ball, location: 2F
3-2: Base on Balls
Batting: RHB Pedro Martínez 0-0: Ball
1-0: Fly out, F3 (Popup, 3F)
Batting: RHB Javier González 0-0: Ball
1-0: Swinging Strike
1-1: Foul Ball, location: 2F
1-2: Ball
2-2: Foul Ball, location: 2F
2-2: SINGLE (Line Drive, 56)
Marc Meertens to second
Batting: LHB Richard Alpert 0-0: Called Strike
0-1: SINGLE (Groundball, 4M) (infield hit)
Marc Meertens to third
Javier González to second
Batting: RHB Wilson Castillo 0-0: Ball
1-0: Foul Ball, location: 2F
1-1: Ball
2-1: Foul Ball, location: 2F
2-2: Strikes out swinging
Batting: RHB Alex Niemann 0-0: Ball
1-0: Ball
2-0: Called Strike
2-1: Called Strike
2-2: Ball
3-2: Ground out 5-3 (Groundball, 5L)
Bottom of the 7th over - 0 run(s), 2 hit(s), 0 error(s), 3 left on base; Little Caesars 11 - Phoenix Hotspur 1
TOP OF THE 8TH
Little Caesars Hot N Readys batting - Pitching for Phoenix Hotspur Youth : LHP Iván Vélez
Pinch Hitting: LHB Guy Riley 0-0: Ball
1-0: Swinging Strike
1-1: Fly out, F8 (Flyball, 8LD)
Batting: RHB Mo Zhou 0-0: Called Strike
0-1: SINGLE (Line Drive, 9S)
Pinch Hitting: RHB Jim Unknown 0-0: Ball
1-0: Ball
2-0: Ball
3-0: Base on Balls
Mo Zhou to second
Pinch Hitting: RHB Cullen Spencer 0-0: Swinging Strike
0-1: Foul Ball, location: 2F
0-2: Ball
1-2: Ball
2-2: Strikes out swinging
Batting: RHB Mike Thompson 0-0: Fly out, F8 (Flyball, 8RS)
Top of the 8th over - 0 run(s), 1 hit(s), 0 error(s), 2 left on base; Little Caesars 11 - Phoenix Hotspur 1
BOTTOM OF THE 8TH
Phoenix Hotspur Youth batting - Pitching for Little Caesars Hot N Readys : RHP Curt Arellano
Now at 1B: Cullen Spencer
Now in LF: Jim Unknown
Now in RF: Guy Riley
Batting: LHB Ricardo Peńa 0-0: SINGLE (Flyball, 7LM)
Batting: RHB Jim Unknown 0-0: Fly out, F2 (Popup, 2LF)
Batting: RHB Jesús Mejía 0-0: Ball
1-0: DOUBLE (Flyball, 8RM)
Ricardo Peńa to third
Runner from 3rd tries for Home, SAFE, no throw or cutoff
Batting: RHB Marc Meertens 0-0: Ball
1-0: Ball
2-0: DOUBLE (Flyball, 8LXD)
Jesús Mejía scores
Pitching: LHP Jim Unknown
Batting: RHB Pedro Martínez 0-0: Called Strike
0-1: Ball
1-1: Called Strike
1-2: Ball
2-2: Ball
Wild Pitch!
Marc Meertens to third
3-2: Strikes out swinging
Batting: RHB Javier González 0-0: Ball
1-0: Ball
2-0: Called Strike
2-1: SINGLE (Line Drive, 89S)
Marc Meertens scores
Batting: LHB Richard Alpert 0-0: Called Strike
0-1: Called Strike
0-2: Ball
1-2: Strikes out looking
Bottom of the 8th over - 3 run(s), 4 hit(s), 0 error(s), 1 left on base; Little Caesars 11 - Phoenix Hotspur 4
TOP OF THE 9TH
Little Caesars Hot N Readys batting - Pitching for Phoenix Hotspur Youth : LHP Iván Vélez
Batting: RHB Lorenzo Sabastro 0-0: Called Strike
0-1: DOUBLE (Flyball, 78D)
Batting: RHB Young-hwan Hyon 0-0: Ball
1-0: Swinging Strike
1-1: Ground out 6-3 (Groundball, 6)
Lorenzo Sabastro to third
Batting: LHB César Muńóz 0-0: Ball
Steal of home, Lorenzo Sabastro is safe
1-0: Called Strike
1-1: Ball
2-1: Ball
3-1: Called Strike
3-2: Base on Balls
Batting: RHB Spencer Curry 0-0: Swinging Strike
0-1: Swinging Strike
0-2: Ball
1-2: Ball
2-2: Foul Ball, location: 2F
2-2: Ball
3-2: Foul Ball, location: 2F
3-2: Ground out 1-3 (Groundball, 23)
César Muńóz to second
Batting: LHB Guy Riley 0-0: Ball
1-0: Called Strike
1-1: Ball
2-1: Fly out, F3 (Line Drive, 3L)
Top of the 9th over - 1 run(s), 1 hit(s), 0 error(s), 1 left on base; Little Caesars 12 - Phoenix Hotspur 4
BOTTOM OF THE 9TH
Phoenix Hotspur Youth batting - Pitching for Little Caesars Hot N Readys : LHP Jim Unknown
Batting: RHB Wilson Castillo 0-0: Ball
1-0: Ground out 5-3 (Groundball, 56)
Batting: RHB Alex Niemann 0-0: Foul Ball, location: 2F
0-1: Ball
1-1: Ball
2-1: Ball
3-1: Swinging Strike
3-2: Foul Ball, location: 2F
3-2: Base on Balls
Batting: LHB Ricardo Peńa 0-0: Fly out, F8 (Flyball, 8LD)
Batting: RHB Jim Unknown 0-0: Ball
1-0: Ball
2-0: SINGLE (Groundball, 6MD)
Alex Niemann to second
Batting: RHB Jesús Mejía Pickoff Throw to Second - Out!
Bottom of the 9th over - 0 run(s), 1 hit(s), 0 error(s), 0 left on base; Little Caesars 12 - Phoenix Hotspur 4
This league is powered by Out of the Park Baseball, the baseball management simulation game for PC, Mac and Linux
Monday, October 3rd, 2016 - OOTP Baseball 16.9 Build 39